 Dungeon Crawl Stone Soup version 0.29-a0-620-g13ace881f2 (webtiles) character file.

Game seed: 3028326313074933664

680 dolemite99 the Ruffian (level 7, 0/52 HPs)
             Began as a Demonspawn Abyssal Knight on June 19, 2022.
             Was an Elder of Lugonu.
             Slain by a water moccasin (7 damage)
             ... on level 6 of the Dungeon.
             The game lasted 00:05:15 (7405 turns).

dolemite99 the Ruffian (Demonspawn Abyssal Knight)  Turns: 7405, Time: 00:05:16

Health: 0/52       AC: 12    Str: 15    XL:     7   Next: 34%
Magic:  8/8        EV:  9    Int: 11    God:    Lugonu [****..]
Gold:   179        SH:  4    Dex: 14    Spells: 6/6 levels left

rFire   . . .      SeeInvis .     - Unarmed
rCold   . . .      Faith    .   (no shield)
rNeg    . . .      Spirit   .   s - +3 scale mail {Will+}
rPois   .          Reflect  .   (no helmet)
rElec   .          Harm     .   (no cloak)
rCorr   .          Rampage  .   (no gloves)
Will    +....                   (no boots)
Stlth   ..........              (no amulet)
HPRegen 0.17/turn               (no ring)
MPRegen 0.11/turn               (no ring)

@: lethally poisoned (0 -> -19)
A: claws 1, thin metallic scales 2, condensation shield
a: Renounce Religion, Depart the Abyss, Bend Space, Banish, Corrupt


You were on level 6 of the Dungeon.
You worshipped Lugonu.
Lugonu was greatly pleased with you.
You visited 1 branch of the dungeon, and saw 6 of its levels.
You visited the Abyss 1 time.

You collected 399 gold pieces.
You spent 220 gold pieces at shops.

Inventory:

Hand Weapons
 a - a +0 trident
 n - a +1 spear
Missiles
 g - 13 poisoned darts
 p - 2 throwing nets
Armour
 l - a +0 ring mail
 s - a +3 scale mail of willpower (worn)
Magical Staves
 i - a staff of conjuration
Jewellery
 h - a ring of flight
Wands
 e - a wand of flame (9)
 u - a wand of iceblast (8)
Scrolls
 k - a scroll of identify {@r1}
 t - a scroll of vulnerability
Potions
 f - a potion of brilliance {unknown}
 j - a potion of heal wounds {unknown}
 m - a potion of degeneration {unknown}
 o - a potion of flight {unknown}
 q - a potion of attraction {unknown}
 r - 2 potions of cancellation {unknown}


   Skills:
 - Level 3.0 Fighting
 - Level 2.5 Polearms
 - Level 1.7 Armour
 - Level 0.8 Dodging
 + Level 7.0 Unarmed Combat
 - Level 2.4 Invocations


You had 6 spell levels left.
You didn't know any spells.
Your spell library contained the following spells:

 Spells                   Type           Power      Damage    Failure   Level
 Ensorcelled Hibernation  Hex/Ice        0%         N/A       91%         2
 Spider Form              Tmut/Pois      0%         N/A       99%         3
 Anguish                  Hex/Necr       0%         N/A       100%        4


Dungeon Overview and Level Annotations

Branches:
Dungeon (6/15)
 Temple: D:4-7

Altars:
Nemelex Xobeh
Sif Muna

Shops:
D:2 [

Annotations:
D:2 1 runed translucent door, Crazy Yiuf
D:3 2 transporters, gebbletook2's ghost, amateur VSFi


Innate Abilities, Weirdness & Mutations

You have sharp fingernails.
You are mostly covered in thin metallic scales. (AC +3)
A meltable shield of frost defends you. (SH +4)


Message History

The water moccasin hisses angrily.
The water moccasin bites you.
You are poisoned.
The water moccasin poisons you!
The water moccasin attacks as you move away!
The water moccasin bites you.
You feel very sick. The water moccasin barely misses you.
You claw the water moccasin!
The water moccasin is moderately wounded.
You feel very sick. The water moccasin closely misses you.
You closely miss the water moccasin.
The water moccasin is moderately wounded.
You feel sick. The water moccasin bites you.
You are more poisoned.
The water moccasin poisons you!
You scratch the water moccasin.
The water moccasin is moderately wounded.
You feel very sick. The water moccasin barely misses you.
The water moccasin bites you!
You barely miss the water moccasin.
The water moccasin is moderately wounded.
You feel very sick. The water moccasin bites you.
You are lethally poisoned!
The water moccasin poisons you!
You are too injured to fight recklessly!
You closely miss the water moccasin. Your claw misses the water moccasin.
The water moccasin is moderately wounded.
You feel very sick. The water moccasin barely misses you.
You scratch the water moccasin.
The water moccasin is heavily wounded.
* * * LOW HITPOINT WARNING * * *
You feel very sick. The water moccasin bites you.
* * * LOW HITPOINT WARNING * * *
The water moccasin bites you!
You die...

******** ,,,,,,,**#######*
******,**.......* ########
*,**.......* #......#
*,,+.......###### #......#
*********.......@....#
#......#
,,,,,,,,,.......S....#**
#......#
********,............+,*
#......+
*,............#+###......#
*,##########.....##......#
*,* #.....###'##### *,*
#.....##....... *,*
#.....##....[.. *,*
#.....##.......


You could see a water moccasin.

Vanquished Creatures
  A black bear (D:5)
  A phantom (D:5)
  3 scorpions
  3 hounds
  A jelly (D:5)
  2 iguanas
  2 gnolls (D:5)
  6 adders
  2 white imps
  2 ufetubi (D:5)
  2 dart slugs
  10 orcs
  3 ball pythons
  5 endoplasms
  4 giant cockroaches
  5 goblins
  4 hobgoblins
  10 jackals
  5 kobolds
  4 quokkas
  3 bats
  2 frilled lizards (D:1)
  6 rats
86 creatures vanquished.

Notes
Turn   | Place    | Note
-------+----------+-------------------------------------------
     0 | Abyss:1  | dolemite99 the Demonspawn Abyssal Knight began the quest
                  | for the Orb.
     0 | Abyss:1  | Reached XP level 1. HP: 18/18 MP: 2/2
    47 | D:1      | Escaped the Abyss
   769 | D:1      | Found a faded altar of an unknown god.
   851 | D:1      | Gained mutation: You have sharp fingernails. [demonic
                  | ancestry]
   851 | D:1      | Reached XP level 2. HP: 22/24 MP: 3/3
  1329 | D:1      | Reached skill level 1 in Unarmed Combat
  1501 | D:1      | Gained mutation: You are partially covered in thin metallic
                  | scales. (AC +2) [demonic ancestry]
  1501 | D:1      | Reached XP level 3. HP: 13/29 MP: 4/4
  1828 | D:2      | Identified the +1 robe of Valour {Rampage rPois Dex+5
                  | Slay-5}
  1829 | D:2      | Found Gounkusu's Armour Shoppe.
  1856 | D:2      | Bought a +0 ring mail for 44 gold pieces
  1900 | D:2      | Reached skill level 2 in Unarmed Combat
  1993 | D:2      | Reached *** piety under Lugonu
  2498 | D:2      | Found a runed translucent door.
  2499 | D:2      | Noticed Crazy Yiuf
  2886 | D:3      | Found a sparkling altar of Nemelex Xobeh.
  2979 | D:3      | Gained mutation: You are mostly covered in thin metallic
                  | scales. (AC +3) [demonic ancestry]
  2979 | D:3      | Reached XP level 4. HP: 11/35 MP: 5/5
  3341 | D:2      | Bought a +1 scale mail of willpower for 176 gold pieces
  3785 | D:3      | Noticed gebbletook2's ghost (amateur VSFi)
  3787 | D:3      | Found a transporter.
  3787 | D:3      | Noticed an ogre
  3787 | D:3      | Noticed an ogre
  4206 | D:3      | Found a transporter.
  4415 | D:4      | Reached skill level 3 in Unarmed Combat
  4642 | D:4      | Reached XP level 5. HP: 41/41 MP: 6/6
  4927 | D:4      | Reached skill level 4 in Unarmed Combat
  5129 | D:5      | Entered Level 5 of the Dungeon
  5248 | D:5      | Noticed a black bear
  5255 | D:5      | Killed a black bear
  5374 | D:5      | Noticed a phantom
  5389 | D:5      | Reached skill level 5 in Unarmed Combat
  5389 | D:5      | Gained mutation: A meltable shield of frost defends you.
                  | (SH +4) [demonic ancestry]
  5389 | D:5      | Reached XP level 6. HP: 38/47 MP: 7/7
  5592 | D:5      | Reached skill level 6 in Unarmed Combat
  6534 | D:5      | Reached XP level 7. HP: 52/52 MP: 8/8
  6596 | D:5      | Found a shimmering blue altar of Sif Muna.
  6894 | D:5      | Reached **** piety under Lugonu
  7283 | D:6      | Reached skill level 7 in Unarmed Combat
  7405 | D:6      | Slain by a water moccasin

Illustrated notes

Levels and vault maps discovered:
D:1:      sevenhm_arrival_forest_fort_large_2, layout_loops_ring,
          hellmonk_ecumenical_altar_pennies_from_heaven
D:2:      layout_basic, serial_shops, shop, serial_park_tiny_pond,
          grunt_ministairs_6, uniq_crazy_yiuf_cottage
D:3:      layout_rooms, lemuel_crystal_altar, gammafunk_ghost_smash
D:4:      layout_basic
D:5:      layout_basic, okawaru_metal_pillars_3, lemuel_blue_sif_altar,
          gammafunk_temple_overflow_elements, nrook_mini_vaults,
          roderic_lattice_a
D:6:      layout_basic, uniq_sigmund

Skill      XL: |  1  2  3  4  5  6  7 |
---------------+----------------------+-----
Polearms       | 2 |  2.5
Unarmed Combat | 1 2 3 5 6 7 |  7.0
Fighting       | |  3.0
Armour         | |  1.7
Dodging        | |  0.8
Invocations    | |  2.4

Action                   |  1- 3 |  4- 6 |  7- 9 || total
-------------------------+-------+-------+-------++-------
Melee: Spear             |   120 |       |       ||   120
       Punch             |     2 |     6 |     6 ||    14
       Unarmed           |    28 |   151 |    53 ||   232
  Use: Scroll            |       |     5 |     4 ||     9
       Potion            |       |     3 |     2 ||     5
 Stab: Sleeping          |     1 |       |       ||     1
Armor: Leather armour    |    23 |       |       ||    23
       Ring mail         |    28 |       |       ||    28
       Scale mail        |       |    77 |    30 ||   107
       Skin              |       |     3 |       ||     3
Dodge: Dodged            |    85 |    55 |    36 ||   176
Block: Other             |       |     2 |    14 ||    16

Table legend: (Time is in decaauts)
 A = Elapsed time spent in this place.
 B = Non-inter-level travel time spent in this place.
 C = Inter-level travel time spent in this place.
 D = Time resting spent in this place.
 E = Time spent auto-exploring this place.
 F = Levels seen in this place.
 G = Mean time per level.
                   A        B        C        D        E       F      G
               +--------+--------+--------+--------+--------+-----+--------+
         Total |   7385 |   7138 |    247 |   2498 |   3729 |   7 | 1055.0 |
       Dungeon |   7337 |   7090 |    247 |   2498 |   3689 |   6 | 1222.8 |
         Abyss |     47 |     47 |      0 |      0 |     39 |   1 |   47.0 |
               +--------+--------+--------+--------+--------+-----+--------+

Top non-repeatable levels by time:
     D:5: 1776 daAuts
     D:1: 1721 daAuts
     D:2: 1547 daAuts
     D:3: 909 daAuts
     D:4: 896 daAuts
     D:6: 486 daAuts
 Abyss:1: 47 daAuts
